[Event "*** Titled Tuesday Blitz"]
[Site "Chess.com"]
[Date "2020.04.21"]
[Round "6"]
[White "dragos420"]
[Black "stanyga"]
[Result "1/2-1/2"]
[WhiteElo "2524"]
[BlackElo "2707"]
[TimeControl "180+1"]
[EndTime "11:09:15 PDT"]
[Termination "Game drawn by repetition"]

1. e4 g6 2. d4 Bg7 3. Nc3 c6 4. f4 d5 5. e5 Qb6 6. Nf3 Nh6 7. h3 Nf5 8. Na4 Qa5+ 9. c3 Ng3 10. Rg1 Nxf1 11.
Rxf1 Nd7 12. Be3 O-O 13. Nc5 Nxc5 14. dxc5 Bf5 15. b4 Qc7 16. Nd4 Be4 17. Qd2 a5 18. b5 cxb5 19. Nxb5 Qd7 20. a4 f6 21. e6 Qxe6 22.
Nc7 Qc6 23. Nxa8 Rxa8 24. Kf2 d4 25. Bxd4 Bxg2 26. Rfe1 e5 27. Kg1 Bxh3 28. fxe5 fxe5 29. Bxe5 Qxc5+ 30. Bd4 Qd6 31. Qh2 Bxd4+ 32. cxd4 Qxd4+ 33. Qf2 Qg4+ 34. Kh2 Qh5 35. Qg3 Bg4+ 36. Kg1 Rf8 37. Qb3+ Kh8 38. Qc3+ Kg8 39. Qc4+ Kh8 40. Qd4+ Kg8 41.
Qc4+ Kh8 42. Qd4+ Kg8 43. Re7 Qh6 44. Qc4+ Kh8 45. Qd4+ Kg8 46. Qc4+ Kh8 47. Qd4+ Kg8 1/2-1/2

[Event "*** Titled Tuesday Blitz"]
[Site "Chess.com"]
[Date "2020.04.21"]
[Round "6"]
[White "karinachess1"]
[Black "Violord"]
[Result "0-1"]
[WhiteElo "2468"]
[BlackElo "2612"]
[TimeControl "180+1"]
[EndTime "11:09:15 PDT"]
[Termination "Violord won on time"]

1. d4 g6 2. Nf3 Bg7 3. g3 d5 4. Bg2 Nf6 5. O-O O-O 6. c4 dxc4 7. Na3 c3 8. bxc3 c5 9. Nc4 Nc6 10. Bb2 Nd5 11. Qd2 Nb6 12. Nxb6 Qxb6 13. Rab1 Bf5 14.
Rbd1 Rfd8 15. e3 e5 16. d5 e4 17. Ne1 Ne5 18. Qe2 Bg4 19. f3 exf3 20. Nxf3 c4 21.
Ba3 Re8 22. d6 Rad8 23. Rd4 Bxf3 24. Bxf3 Nd3 25. Bd5 Bxd4 26. Bxf7+ Kg7 27. cxd4 Qc6 28. Bxe8 Rxe8 29. Qf3 Qxf3 30. Rxf3 b5 31. Bc5 c3 32. e4 c2 33. Rf1 c1=Q 34. Rxc1 Nxc1 35. e5 Kf7 36. d7 Rd8 37. d5 Rxd7 38. e6+ Ke8 39.
exd7+ Kxd7 40. Bxa7 Nxa2 41. Bd4 Nb4 42. Kf2 Nxd5 43. Ke2 Kd6 44. Kd3 Nc7 45. Bb2 Kd5 46. Ba1 Ne6 47. Bb2 Ng5 48. h4 Ne4 49. g4 Nf2+ 50.
Ke3 Nxg4+ 51. Kf4 Nf2 0-1

[Event "*** Titled Tuesday Blitz"]
[Site "Chess.com"]
[Date "2020.04.21"]
[Round "6"]
[White "ahachess"]
[Black "pomeraniandog"]
[Result "1-0"]
[WhiteElo "2370"]
[BlackElo "1836"]
[TimeControl "180+1"]
[EndTime "11:09:15 PDT"]
[Termination "ahachess won by checkmate"]

1. d4 f5 2. g3 Nf6 3. Bg2 g6 4. Nh3 Bg7 5. c3 d6 6. O-O O-O 7. Qb3+ d5 8. Nf4 c6 9. Nd2 Qd6 10. Nf3 Nbd7 11. Nd3 Ne4 12. Bf4 Qf6 13. Qc2 c5 14. Nfe5 Nxe5 15. Bxe5 Qc6 16. Bxg7 Kxg7 17. f3 Nf6 18. Nxc5 e5 19. Rac1 e4 20. fxe4 dxe4 21.
e3 b6 22. Nb3 Ba6 23. Rfe1 Rac8 24. Bf1 Bxf1 25. Rxf1 Nd5 26. Qe2 Qc4 27. Qxc4 Rxc4 28. Nd2 Ra4 29. a3 Nxe3 30. Rfe1 Ng4 31. Nf1 Rc4 32. h3 Nf6 33. Ne3 Rc7 34. c4 Nh5 35. Kh2 f4 36. gxf4 Nxf4 37. Rc2 Nd3 38. Ree2 Rf1 39.
Nxf1 Re7 40. d5 Nf4 41. Re3 Nd3 42. Ng3 Nc5 43. b4 Nd3 44. Rxe4 Rf7 45. Rce2 Rf2+ 46. Rxf2 Nxf2 47. Re7+ Kh6 48. Rxa7 Kg5 49. Re7 Kf4 50. Ne2+ Kf3 51. Nd4+ Kf4 52. d6 g5 53. d7 Ng4+ 54.
hxg4 h5 55. d8=Q h4 56. Qd6+ Kxg4 57. Re4+ Kh5 58. Nf5 h3 59. Qh6# 1-0

[Event "*** Titled Tuesday Blitz"]
[Site "Chess.com"]
[Date "2020.04.21"]
[Round "6"]
[White "Kaponov"]
[Black "LuisFSiles"]
[Result "1-0"]
[WhiteElo "2129"]
[BlackElo "2260"]
[TimeControl "180+1"]
[EndTime "11:09:15 PDT"]
[Termination "Kaponov won on time"]

1. d4 Nf6 2. c4 g6 3. Nc3 Bg7 4. e4 d6 5. f4 O-O 6. Nf3 c5 7. d5 e6 8. Be2 exd5 9. cxd5 Bg4 10. Nd2 Bxe2 11. Qxe2 Re8 12. O-O Nbd7 13. Qf3 a6 14. a4 Rb8 15. Nc4 Nb6 16. Na3 Nbd7 17. Kh1 Qc7 18.
Nc4 b5 19. axb5 axb5 20. Na5 b4 21. Nc6 bxc3 22. Nxb8 Qxb8 23. bxc3 Nxe4 24. f5 g5 25. Bxg5 Nxg5 26. Qg4 h6 27. h4 Re4 28. Qg3 Be5 29. Qf2 Nh7 30. Rfb1 Qd8 31. g3 Bxc3 32. Ra7 Bd4 33.
Qf3 Re3 34. Qg4+ Kh8 35. Rba1 Nhf8 36. Ra8 Qe7 37. R1a7 Re1+ 38. Kg2 Qe2+ 39. Qxe2 Rxe2+ 40. Kh3 Kg7 41. Rd8 Ne5 42. Raa8 Nfd7 43. g4 Re3+ 44. Kg2 Nxg4 45. Rxd7 1-0

[Event "*** Titled Tuesday Blitz"]
[Site "Chess.com"]
[Date "2020.04.21"]
[Round "6"]
[White "tamarozi99"]
[Black "orrbaverlekszarnyon"]
[Result "0-1"]
[WhiteElo "1986"]
[BlackElo "2187"]
[TimeControl "180+1"]
[EndTime "11:09:15 PDT"]
[Termination "orrbaverlekszarnyon won by resignation"]

1. e4 c5 2. Nf3 d6 3. d4 cxd4 4. Nxd4 Nf6 5. Nc3 g6 6. Be3 Bg7 7. Be2 O-O 8. O-O Nc6 9. Nb3 Be6 10. h3 Na5 11. f4 Bc4 12. Nxa5 Bxe2 13. Qxe2 Qxa5 14. Rad1 Rfc8 15. Bd4 b5 16. e5 Nh5 17. Qf3 b4 18. Ne4 dxe5 19. fxe5 Rf8 20. g4 Bxe5 21. gxh5 Bxd4+ 22. Rxd4 Qe5 23. c3 bxc3 24. bxc3 Rab8 25. Qf4 Qxh5 26. Qg4 Qe5 27. Rf5 Rb1+ 28. Kg2 Rb2+ 29. Rf2 Rxf2+ 30. Kxf2 f5 31. Nf6+ Rxf6 32. Qf4 Qxf4+ 33.
Rxf4 e5 34. Rc4 Ra6 35. a4 Kg7 36. Rc5 e4 37. a5 Kf6 38. Ke3 Kg5 39. Rc7 h5 40.
Rc5 Kh4 41. Kf4 Kxh3 42. Rb5 h4 43. Rb1 Kg2 44. Rb2+ Kf1 45. Ke3 Rxa5 46. Rb1+ Kg2 47. Rb2+ Kg3 48. Rb1 h3 49. Rg1+ Kh4 50. Rxg6 Ra1 51.
Rh6+ Kg4 52. Rg6+ Kh5 53. Rg3 Rh1 54. Kf4 h2 55. Rh3+ Kg6 56. Kg3 Rc1 57. Rxh2 Rxc3+ 58. Kf4 a5 59. Rg2+ Kf6 60. Rh2 a4 61. Rh6+ Kg7 62.
Ra6 Rf3+ 63. Ke5 a3 64. Kd4 Rd3+ 65. Ke5 Rf3 66. Kd4 Kf7 67. Ke5 Ke7 68. Ra7+ Kd8 69.
Kd6 Rd3+ 70. Ke5 e3 71. Kxf5 e2 72. Ra8+ Kc7 73. Ra7+ Kb6 74. Re7 a2 75. Rxe2 a1=Q 76. Re6+ Kc5 0-1

[Event "*** Titled Tuesday Blitz"]
[Site "Chess.com"]
[Date "2020.04.21"]
[Round "6"]
[White "want2lose"]
[Black "Bulldog167"]
[Result "1-0"]
[WhiteElo "2929"]
[BlackElo "2780"]
[TimeControl "180+1"]
[EndTime "11:09:16 PDT"]
[Termination "want2lose won by checkmate"]

1. Nf3 Nf6 2. g3 b6 3. Bg2 Bb7 4. O-O c5 5. c4 g6 6. Nc3 Bg7 7. d4 cxd4 8. Qxd4 d6 9. Be3 Nbd7 10. Rac1 Rc8 11. Rfd1 a6 12. b3 O-O 13. Qh4 Re8 14. g4 Ba8 15. g5 Nh5 16. Bh3 b5 17. c5 Rc7 18. Nd5 Bxd5 19. Rxd5 Qa8 20. Bxd7 Rxd7 21. Rdd1 Red8 22. c6 Rc7 23. Bb6 Rdc8 24. Bxc7 Rxc7 25.
Qe4 Bf8 26. Nd4 Ng7 27. a4 b4 28. Rc4 e6 29. Rxb4 d5 30. Qe5 Ne8 31. Rb7 Rxb7 32. cxb7 Qxb7 33. Rc1 Nd6 34. Rc6 Nf5 35. Rc7 Qb8 36. Nxf5 gxf5 37. Qc3 d4 38. Qc6 Qxb3 39. Qd7 e5 40. Qxf5 Qd1+ 41. Kg2 Qb3 42. Rc8 Qb7+ 43.
f3 Kg7 44. Rd8 Be7 45. Rd7 Qb4 46. Qxe5+ Kf8 47. Rb7 Qxb7 48. Qh8# 1-0

[Event "*** Titled Tuesday Blitz"]
[Site "Chess.com"]
[Date "2020.04.21"]
[Round "6"]
[White "Azatnew"]
[Black "aNaartjieZA"]
[Result "1-0"]
[WhiteElo "2780"]
[BlackElo "2598"]
[TimeControl "180+1"]
[EndTime "11:09:16 PDT"]
[Termination "Azatnew won by resignation"]

1. Nf3 Nf6 2. g3 g6 3. Bg2 Bg7 4. O-O O-O 5. d4 d6 6. c4 c6 7.
Nc3 Qa5 8. e4 Bg4 9. h3 Bxf3 10.
Qxf3 e5 11. Be3 Qb4 12. Qe2 Nfd7 13. Rfd1 exd4 14. Bxd4 Ne5 15. b3 c5 16. Nd5 Qa5 17. Bc3 Qd8 18. f4 Nec6 19. Bxg7 Kxg7 20. Qb2+ f6 21. Rd2 Nd4 22. Rxd4 cxd4 23. Qxd4 Nc6 24. Qd2 Qd7 25. Rd1 Rae8 26. Nc3 Rd8 27. Nb5 Qe6 28. Nc7 Qf7 29. Nb5 Qe6 30. Kh2 Rf7 31.
h4 a6 32. Nc3 Qe8 33. Nd5 Ne7 34. Ne3 Nc6 35. Qe2 Kg8 36. Ng4 Kg7 37. Qb2 h5 38. Ne3 Kg8 39. Nd5 Qf8 40. Rf1 Re8 41. Qc3 Qg7 42.
Rd1 f5 43. exf5 gxf5 44. Qd3 Qg6 45. Ne3 Nb4 46. Qd2 Nc6 47. Bd5 Rd8 48. Bxf7+ Kxf7 49. Re1 Ne7 50. Nd5 Nc6 51. Qe3 Rg8 52. b4 Kg7 53. b5 axb5 54. cxb5 Nd8 55. Ne7 Qf6 56. Nxg8 Kxg8 57.
Qe7 Qxe7 58. Rxe7 1-0

[Event "*** Titled Tuesday Blitz"]
[Site "Chess.com"]
[Date "2020.04.21"]
[Round "6"]
[White "Bastiandash"]
[Black "Playgood28"]
[Result "1-0"]
[WhiteElo "1991"]
[BlackElo "2172"]
[TimeControl "180+1"]
[EndTime "11:09:16 PDT"]
[Termination "Bastiandash won on time"]

1. d4 f5 2. Nf3 Nf6 3. Bg5 e6 4. Nbd2 Be7 5. Bxf6 Bxf6 6. e4 g6 7. c3 d6 8. h4 h6 9. h5 g5 10. e5 Bg7 11. Bc4 Nc6 12. Qe2 Qe7 13. O-O-O d5 14.
Bb5 O-O 15. g4 f4 16. Bd3 a5 17. Bc2 Bd7 18. Qd3 Bh8 19. Nxg5 hxg5 20. h6 Rf7 21.
Nf3 Kf8 22. Qg6 Be8 23. Nxg5 Nd8 24. Nh7+ Rxh7 25. Qxh7 Qxh7 26. Bxh7 c6 27. g5 b6 28. g6 Ra7 29. g7+ Bxg7 30. hxg7+ Rxg7 31. Bd3 Nf7 32. Rdg1 Ng5 33. Kc2 c5 34. b3 Bc6 35. Rh5 Nf7 36.
Bg6 Be8 37. Rh7 Rxh7 38. Bxh7 Nh6 39. Bg6 Bf7 40. Bxf7 Kxf7 41. dxc5 1-0

[Event "*** Titled Tuesday Blitz"]
[Site "Chess.com"]
[Date "2020.04.21"]
[Round "6"]
[White "swimmerchess"]
[Black "viditchess"]
[Result "0-1"]
[WhiteElo "2843"]
[BlackElo "2974"]
[TimeControl "180+1"]
[EndTime "11:09:17 PDT"]
[Termination "viditchess won on time"]

1. e4 c5 2. Nf3 d6 3. d4 cxd4 4. Nxd4 Nf6 5. Nc3 Nc6 6. Bg5 e6 7. Qd2 a6 8. O-O-O Bd7 9. f3 Be7 10. Be3 b5 11. Nxc6 Bxc6 12. Ne2 O-O 13. Nd4 Bb7 14.
Kb1 Rc8 15. Bd3 Nd7 16. h4 Ne5 17. g4 d5 18. exd5 Bxd5 19. Qe2 Nxd3 20. Qxd3 Qa5 21. Nb3 Qc7 22. Bg5 Rfd8 23. Bxe7 Qxe7 24. Qe3 Rc4 25. Rd2 b4 26. Rhd1 Qxh4 27. Nc5 Rc8 28. Nxa6 h6 29. b3 Rc3 30. Rd3 Qe7 31. Qd4 Bxf3 32. Nxb4 Bxd1 33. Rxc3 Rd8 34. Qe4 Qg5 35. Nc6 Rd5 36. Nb4 Rd8 37. Nc6 Rd5 38. Nb4 Rc5 39. Rxc5 Qxc5 40. Qa8+ Kh7 41. Qe4+ f5 42. gxf5 exf5 0-1

[Event "*** Titled Tuesday Blitz"]
[Site "Chess.com"]
[Date "2020.04.21"]
[Round "6"]
[White "Kavyev_Ruslan"]
[Black "RaunakSadhwani2005"]
[Result "1-0"]
[WhiteElo "2600"]
[BlackElo "2761"]
[TimeControl "180+1"]
[EndTime "11:09:17 PDT"]
[Termination "Kavyev_Ruslan won by resignation"]

1. d4 Nf6 2. c4 Nc6 3. Nf3 e6 4. g3 Bb4+ 5. Nbd2 d6 6. Bg2 a5 7. O-O e5 8. e3 Bxd2 9. Bxd2 Qe7 10. Qc2 O-O 11. h3 e4 12. Ne1 Bf5 13. a3 a4 14.
b4 axb3 15. Qxb3 Qd7 16. Kh2 h5 17. Nc2 b6 18. Nb4 Ne7 19. Rac1 Ng6 20. Nd5 Ne8 21. c5 dxc5 22. dxc5 Be6 23. Bxe4 c6 24. cxb6 cxd5 25.
Bg2 Nf6 26. a4 h4 27. a5 hxg3+ 28. fxg3 Ne4 29. Be1 Ne5 30. b7 Rab8 31. a6 Nc4 32.
Bb4 Ned2 33. Qd3 Nxf1+ 34. Rxf1 Rfe8 35. Ra1 Qc6 36. a7 Qxb7 37. axb8=Q Rxb8 38. Bc3 Qb6 39.
Bd4 Qc7 40. Ra7 Qd6 41. Qc3 Rc8 42.
Bxg7 Nxe3 43. Qxe3 Kxg7 44. Qg5+ Kf8 45. Qh6+ Kg8 46. Qg5+ Kf8 47. Qh6+ Kg8 48. Ra4 d4 49. Qg5+ Kf8 50. Qh6+ Kg8 51. Ra5 Rc5 52. Ra8+ Rc8 53. Rxc8+ Bxc8 54. Qxd6 1-0

[Event "*** Titled Tuesday Blitz"]
[Site "Chess.com"]
[Date "2020.04.21"]
[Round "6"]
[White "WelshTiger"]
[Black "Joshukid"]
[Result "1-0"]
[WhiteElo "2395"]
[BlackElo "2558"]
[TimeControl "180+1"]
[EndTime "11:09:17 PDT"]
[Termination "WelshTiger won by resignation"]

1. e4 c6 2. d4 d5 3. Nd2 dxe4 4. Nxe4 Nf6 5. Nxf6+ exf6 6. c3 Bd6 7. Bd3 O-O 8.
Ne2 Re8 9. Qc2 h5 10. O-O h4 11.
h3 Nd7 12. Be3 Nf8 13. Rfe1 Qc7 14. c4 b6 15. a3 Be6 16. Rad1 Rad8 17. b4 Qc8 18.
Nf4 Bd7 19. c5 Bb8 20. cxb6 axb6 21. d5 Qc7 22. dxc6 Bc8 23. g3 hxg3 24. fxg3 Bxh3 25. Qf2 Bg4 26. Bxb6 Qc8 27. Bxd8 Rxd8 28. Be2 Rxd1 29. Rxd1 Bf5 30. b5 Be5 31. Bf3 g5 32. Ne2 g4 33.
Bg2 Bc2 34. Rc1 Bd3 35. b6 Bxe2 36. Qxe2 Bd4+ 37. Kh2 Bxb6 38. c7 Bxc7 39. Qc2 Ne6 40.
Bd5 Qb8 41. Bxe6 Bxg3+ 42. Kg2 fxe6 43. Qg6+ Kf8 44. Qxf6+ Kg8 45. Qxe6+ Kg7 46. Qe7+ Kg6 47. Rc6+ Kh5 48. Qh7+ Kg5 49. Qg6+ Kf4 50. Rc4+ Ke3 51.
Qe4+ Kd2 52. Rc2+ 1-0

[Event "*** Titled Tuesday Blitz"]
[Site "Chess.com"]
[Date "2020.04.21"]
[Round "6"]
[White "ahappypawn"]
[Black "Koksik_13"]
[Result "1-0"]
[WhiteElo "2374"]
[BlackElo "2604"]
[TimeControl "180+1"]
[EndTime "11:09:17 PDT"]
[Termination "ahappypawn won by resignation"]

1. d4 a6 2. c4 b5 3. cxb5 axb5 4. e4 Bb7 5. Bd3 e6 6. Nf3 Nf6 7. Nbd2 d5 8. Bxb5+ Nbd7 9. e5 Ne4 10. O-O Be7 11.
Qc2 c5 12. dxc5 Rc8 13. b4 O-O 14. Bb2 f5 15. exf6 Bxf6 16. Nxe4 dxe4 17. Nd4 Nxc5 18. bxc5 Bxd4 19. Rad1 Rxc5 20. Bc4 e3 21. Rxd4 Qg5 22. f4 Qg4 23. Rd7 Bd5 24. Rxg7+ Qxg7 25. Bxg7 Rfc8 26. Qb2 Rxc4 27. Bh6 Rc3 28. Re1 R8c7 29. Qb8+ Kf7 30. Qf8+ Kg6 31. Bg5 Rf7 32. Qg8+ Rg7 33. Qe8+ Rf7 34. h4 h5 35. Qg8+ Rg7 36. Qe8+ Kf5 37. Qxh5 Ke4 38. Bf6 Rxg2+ 39. Kxg2 Kxf4+ 40. Kg1 Rc2 41. Qg5+ Ke4 42. Qe5+ Kd3 43. Rd1+ Kc4 44. Qd4+ Kb5 45. Qxe3 Kc6 46. Rc1 Bc4 47. Rxc2 1-0

[Event "*** Titled Tuesday Blitz"]
[Site "Chess.com"]
[Date "2020.04.21"]
[Round "6"]
[White "DanielRensch"]
[Black "pedroholly22"]
[Result "1-0"]
[WhiteElo "2492"]
[BlackElo "2326"]
[TimeControl "180+1"]
[EndTime "11:09:17 PDT"]
[Termination "DanielRensch won by resignation"]

1. e4 c5 2. Nf3 Nc6 3. d4 cxd4 4.
Nxd4 Nf6 5. Nc3 e5 6. Ndb5 d6 7.
Bg5 a6 8. Na3 b5 9. Bxf6 gxf6 10. Nd5 Bg7 11. Bd3 Ne7 12. O-O O-O 13. c3 Nxd5 14.
exd5 f5 15. Nc2 e4 16. Be2 f4 17. f3 e3 18. a4 bxa4 19. Rxa4 Bd7 20. Rxf4 Be5 21. Rc4 a5 22. Qd3 Qb6 23. Rh4 f5 24. Qxe3 Qxb2 25. Nd4 Rae8 26. Qg5+ Bg7 27. Bd1 Qxc3 28.
Ne6 Bxe6 29. dxe6 Rxe6 30. Kh1 Qf6 31. Qh5 Qg6 32. Bb3 Re8 33. Qxg6 hxg6 34. Re1 Kf7 35. Rxe6 Rxe6 36. Rh7 Kg8 37. Rxg7+ Kxg7 38. Bxe6 Kf6 39. Bb3 Ke5 40. Kg1 Kd4 41. Kf2 Kc3 42. Bd1 Kd2 43. Ba4 d5 44. g4 d4 45. h4 d3 46. h5 Kc1 47. hxg6 d2 48. g7 d1=Q 49. Bxd1 Kxd1 50. g8=Q a4 51. Qa2 Kc1 52. gxf5 1-0

[Event "*** Titled Tuesday Blitz"]
[Site "Chess.com"]
[Date "2020.04.21"]
[Round "6"]
[White "Kaua18"]
[Black "Nafania1"]
[Result "1-0"]
[WhiteElo "2219"]
[BlackElo "2352"]
[TimeControl "180+1"]
[EndTime "11:09:17 PDT"]
[Termination "Kaua18 won by resignation"]

1. e4 e6 2. Nf3 d5 3. exd5 exd5 4. d4 Nf6 5. Bd3 Be7 6. Nbd2 O-O 7. O-O c5 8. dxc5 Bxc5 9. Nb3 Bb6 10. c3 Nc6 11.
Bg5 h6 12. Bh4 g5 13. Bg3 Ne4 14. Nfd4 f5 15. f3 Nxg3 16. hxg3 Qd6 17. Kh2 Bd7 18. a4 Rae8 19. Nb5 Qg6 20. N3d4 a6 21. Na3 Nxd4 22. cxd4 Bxd4 23. Bxf5 Qh5+ 24. Bh3 Bxh3 25. Qxd4 Re2 26. Rf2 Rfe8 27. Raf1 Be6+ 28. Kg1 Rxf2 29. Qxf2 Qf7 30. Nc2 Bf5 31. Nd4 Bg6 32. g4 Qf4 33. a5 Qc7 34. Nb3 Qc4 35. Nd2 Qd3 36. Re1 Rxe1+ 37. Qxe1 Kf7 38.
Nf1 Qd4+ 39. Qf2 Qd1 40. Kh2 Qb3 41. Ne3 d4 42. Nf5 Bxf5 43. gxf5 Qd5 44. g4 d3 45. Qd2 Qd4 46. Kg2 Kf6 47. Kf1 Ke5 48. Qc3 Qxc3 49. bxc3 Kf4 50. f6 Ke3 51. Ke1 1-0

[Event "*** Titled Tuesday Blitz"]
[Site "Chess.com"]
[Date "2020.04.21"]
[Round "6"]
[White "HarryCun"]
[Black "czasnaszachy"]
[Result "1-0"]
[WhiteElo "2172"]
[BlackElo "2320"]
[TimeControl "180+1"]
[EndTime "11:09:17 PDT"]
[Termination "HarryCun won by resignation"]

1. Nf3 Nf6 2. g3 d5 3. Bg2 Bf5 4. O-O e6 5. d3 Bd6 6. Nbd2 O-O 7. e4 dxe4 8. dxe4 Nxe4 9. Nd4 Bc5 10. Nxf5 exf5 11.
Nxe4 fxe4 12. Bxe4 c6 13. Bf4 Nd7 14. a3 Nf6 15. Bg2 a5 16. h3 Qb6 17. b4 axb4 18.
axb4 Rxa1 19. Qxa1 Bxb4 20. Rb1 Qc5 21. Be3 Qc4 22. Bf1 Qe4 23. Bd3 Qf3 24. Rxb4 Nd5 25. Be4 Qe2 26. Bxd5 cxd5 27. Rxb7 Rc8 28. Qb1 h6 29.
Rb8 Rxb8 30. Qxb8+ Kh7 31. Qb3 d4 32. Qd3+ Qxd3 33.
cxd3 dxe3 34. fxe3 Kg6 35. Kg2 Kf5 36. Kf3 Ke5 37.
d4+ Kd5 38. Kf4 g6 39. g4 f6 40. h4 Ke6 41. g5 hxg5+ 42. hxg5 f5 43. e4 fxe4 44.
Kxe4 Kd6 45. d5 Kd7 46. Ke5 Ke7 47. d6+ Kd7 48. Kf6 Kxd6 49. Kxg6 Ke7 50. Kh7 Kf8 51. g6 1-0

[Event "*** Titled Tuesday Blitz"]
[Site "Chess.com"]
[Date "2020.04.21"]
[Round "6"]
[White "Shota_Azaladze"]
[Black "DanielDardha2005"]
[Result "0-1"]
[WhiteElo "2742"]
[BlackElo "2600"]
[TimeControl "180+1"]
[EndTime "11:09:18 PDT"]
[Termination "DanielDardha2005 won by checkmate"]

1. Nf3 c5 2. g3 Nc6 3. Bg2 e5 4. c4 Nge7 5. Nc3 g6 6. O-O d6 7.
Ne1 Be6 8. Nd5 Bg7 9. Nc2 O-O 10. Nce3 f5 11. Rb1 f4 12. Nxe7+ Qxe7 13. Nd5 Qd7 14. d3 Bh3 15. b4 Bxg2 16. Kxg2 Nd4 17. bxc5 dxc5 18.
f3 b5 19. e3 fxe3 20. Bxe3 bxc4 21. dxc4 Rab8 22. Qd3 Rxb1 23. Qxb1 Qa4 24. Bxd4 exd4 25. Qb3 Qxb3 26. axb3 Rb8 27. Rb1 a5 28. Ne7+ Kf7 29. Nc6 Rb6 30. Nxa5 d3 31. b4 Bc3 32. Rd1 Rxb4 33. Nc6 Rb2+ 34. Kh3 d2 35. f4 Rc2 36.
Ne5+ Bxe5 37. fxe5 Ke6 38. Kg4 Kxe5 39. Kf3 Kd4 40.
Ke2 Kxc4 41. Rf1 Ra2 42. Rf3 Kb4 43. Rf7 Kc3 44. Rd7 c4 45. Ke3 Ra8 46. Kf4 Re8 47.
Kg5 Kc2 48. Kh6 d1=Q 49. Rxd1 Kxd1 50. Kxh7 c3 51. Kxg6 c2 52. Kf7 Re2 53. h4 c1=Q 54.
Kg6 Qc6+ 55. Kh5 Re5+ 56. Kg4 Qe6+ 57. Kf3 Qf5+ 58. Kg2 Re2+ 59. Kg1 Qf2+ 60. Kh1 Qg2# 0-1

[Event "*** Titled Tuesday Blitz"]
[Site "Chess.com"]
[Date "2020.04.21"]
[Round "6"]
[White "Gubajdullin"]
[Black "GM_DarwinLaylo"]
[Result "1-0"]
[WhiteElo "2451"]
[BlackElo "2575"]
[TimeControl "180+1"]
[EndTime "11:09:18 PDT"]
[Termination "Gubajdullin won on time"]

1. d4 Nf6 2. Bf4 c5 3. e3 Qb6 4.
Nc3 cxd4 5. exd4 d5 6. a3 a6 7.
Bd3 Nc6 8. Nge2 Bg4 9. f3 Bh5 10. h4 Bg6 11. g4 e6 12. h5 Bxd3 13. Qxd3 h6 14. b4 Qd8 15. Na4 Bd6 16. Nc5 Bxf4 17. Nxf4 Qc7 18. Qe3 b6 19. Ncd3 O-O 20. Kf2 Nh7 21.
c3 Rae8 22. Rae1 Ng5 23. Nh3 Nxh3+ 24. Rxh3 f6 25. Nf4 Nd8 26. Ng6 Rf7 27. Kg2 Nc6 28. Qd3 Qd6 29. f4 Ne7 30. Rhe3 Nxg6 31. hxg6 Rfe7 32.
Kf3 b5 33. Qe2 Kf8 34. Qd3 e5 35. dxe5 fxe5 36. Qf5+ Kg8 37. Rxe5 Rxe5 38. Rxe5 Rf8 39. Re8 Rxe8 40. Qf7+ Kh8 41. Qxe8+ 1-0

[Event "*** Titled Tuesday Blitz"]
[Site "Chess.com"]
[Date "2020.04.21"]
[Round "6"]
[White "artooon"]
[Black "Durarbayli"]
[Result "1-0"]
[WhiteElo "2672"]
[BlackElo "2807"]
[TimeControl "180+1"]
[EndTime "11:09:20 PDT"]
[Termination "artooon won on time"]

1. e4 c5 2. Nf3 d6 3. d4 cxd4 4. Nxd4 Nf6 5. Nc3 Nc6 6. Bg5 Qb6 7. Nb3 e6 8. Qd2 a6 9. f3 Be7 10. O-O-O O-O 11. h4 Qc7 12. h5 b5 13. h6 g6 14.
Qf4 Ne8 15. Bxe7 Qxe7 16. g4 b4 17. Ne2 e5 18. Qd2 a5 19. Kb1 a4 20. Nbc1 Be6 21. Rg1 f6 22. f4 Bf7 23. g5 fxg5 24. f5 b3 25. cxb3 axb3 26. a3 Na5 27. Nc3 Kh8 28. Rxg5 Nc6 29. fxg6 hxg6 30. Nd5 Bxd5 31. exd5 Nd4 32.
Rxg6 Rc8 33. Bd3 Rc2 34. Qe3 Rff2 35. Rdg1 Rxb2+ 36. Ka1 Nf6 37. Qg5 Qf8 38. h7 Ra2+ 39. Nxa2 Rxa2+ 40. Kb1 1-0

[Event "*** Titled Tuesday Blitz"]
[Site "Chess.com"]
[Date "2020.04.21"]
[Round "6"]
[White "PavlovDanila"]
[Black "Zq1"]
[Result "1-0"]
[WhiteElo "2755"]
[BlackElo "2566"]
[TimeControl "180+1"]
[EndTime "11:09:20 PDT"]
[Termination "PavlovDanila won on time"]

1. e4 c5 2. Nf3 d6 3. d4 cxd4 4.
Nxd4 Nf6 5. Nc3 Nc6 6. Be3 Ng4 7.
Bg5 Qb6 8. Bb5 Bd7 9. O-O h6 10.
Bh4 Qxd4 11. Bxc6 Qxd1 12. Bxd7+ Kxd7 13. Raxd1 g5 14. Bg3 Bg7 15. Nd5 Rac8 16. c3 h5 17. f3 Ne5 18. Bf2 b6 19. Rfe1 Rc6 20. Bd4 Rg8 21. Kf2 Nc4 22. Bxg7 Rxg7 23. Re2 Ne5 24. Ne3 e6 25. Red2 Ke7 26. Nf1 Rg8 27. Ng3 h4 28.
Ne2 g4 29. Nd4 Rcc8 30. Nb5 gxf3 31. gxf3 h3 32. Nxd6 Rg2+ 33. Ke3 Rc6 34. Rxg2 hxg2 35. Nb5 Nc4+ 36. Kf2 Nxb2 37. Rb1 Nd3+ 38. Kxg2 a6 39.
Nd4 Rxc3 40. Rxb6 Ra3 41. h4 Rxa2+ 42. Kg3 Ne1 43. Rb1 Rg2+ 44. Kh3 Rg1 45. Ne2 Rf1 46. Kg4 Rg1+ 47. Kh3 Rf1 48. Ng3 1-0

[Event "*** Titled Tuesday Blitz"]
[Site "Chess.com"]
[Date "2020.04.21"]
[Round "6"]
[White "Chessalary"]
[Black "Budisavljevic"]
[Result "1/2-1/2"]
[WhiteElo "2256"]
[BlackElo "2418"]
[TimeControl "180+1"]
[EndTime "11:09:20 PDT"]
[Termination "Game drawn by repetition"]

1. e4 c5 2. Nf3 e6 3. d4 cxd4 4. Nxd4 a6 5. c4 Nf6 6. Nc3 Qc7 7. Be3 b6 8. Be2 Bb7 9. f3 Be7 10. O-O O-O 11. Rc1 d6 12. b4 Nbd7 13. a3 Rac8 14. Nb3 Qb8 15. Na4 Bd8 16. c5 dxc5 17. bxc5 b5 18.
Nb6 Nxb6 19. cxb6 Rc6 20. Na5 Rxb6 21. Nxb7 Rxb7 22. a4 Bb6 23. Bxb6 Rxb6 24. axb5 axb5 25. Qb3 b4 26. Rfd1 h6 27. Rc4 Rc8 28. Rdc1 Rxc4 29. Rxc4 Qd6 30. Bd3 e5 31. Rc8+ Kh7 32. h4 Qd4+ 33. Kh2 Qf2 34. Qxf7 Qxh4+ 35. Kg1 Qe1+ 36. Kh2 Qh4+ 37. Kg1 b3 38. Qc7 Qe1+ 39. Kh2 Qh4+ 40. Kg1 Qe1+ 41. Kh2 Re6 42. Bc4 Qh4+ 43. Kg1 Qe1+ 44.
Kh2 Qh4+ 45. Kg1 Qe1+ 46. Kh2 1/2-1/2

[Event "*** Titled Tuesday Blitz"]
[Site "Chess.com"]
[Date "2020.04.21"]
[Round "6"]
[White "manitodeplomo"]
[Black "Izoria123"]
[Result "1/2-1/2"]
[WhiteElo "2616"]
[BlackElo "2781"]
[TimeControl "180+1"]
[EndTime "11:09:22 PDT"]
[Termination "Game drawn by repetition"]

1. d4 Nf6 2. c4 g6 3. Nc3 Bg7 4. e4 d6 5. Be2 O-O 6. Nf3 a5 7.
O-O Na6 8. Qc2 e5 9. Rd1 Qe7 10.
h3 c6 11. d5 cxd5 12. cxd5 Bd7 13. Be3 Rfc8 14. a4 Nc5 15. Nd2 h5 16. Bb5 Kh7 17.
Bxd7 Nfxd7 18. Nc4 Bh6 19. Bxh6 Kxh6 20. Nb5 Ra6 21. Nxa5 Rxa5 22. Qd2+ Qg5 23. Qxa5 Nxe4 24. Qe1 Ndf6 25. Rac1 Rxc1 26. Rxc1 Nxd5 27. h4 Qxh4 28. Nxd6 Nxd6 29. Qxe5 Qf4 30. Qxf4+ Nxf4 31. Rc7 Ne2+ 32. Kf1 Nd4 33. Rd7 N4f5 34. b4 Kg5 35. a5 Kf6 36. b5 Ke6 37. Rxb7 Nxb7 38. a6 Nbd6 39. a7 Nxb5 40. a8=Q Nbd6 41. Qa2+ Kf6 42. Qa1+ Ke6 43.
g3 Ne8 44. Kg2 Nf6 45. Qa2+ Ke7 46. Qa7+ Kf8 47. Qb8+ Kg7 48. Qe5 Nh6 49. f3 Ng8 50.
g4 hxg4 51. fxg4 Kf8 52. g5 Nh5 53. Kf3 Ne7 54. Qh8+ Ng8 55. Qe5 Ne7 56. Qh8+ Ng8 57. Qe5 1/2-1/2

[Event "*** Titled Tuesday Blitz"]
[Site "Chess.com"]
[Date "2020.04.21"]
[Round "6"]
[White "ApacheSVD"]
[Black "kingofkolkata"]
[Result "0-1"]
[WhiteElo "2406"]
[BlackElo "2258"]
[TimeControl "180+1"]
[EndTime "11:09:22 PDT"]
[Termination "kingofkolkata won by checkmate"]

1. e4 e5 2. Nf3 Nc6 3. Bc4 Nf6 4. d3 Bc5 5. c3 a6 6. a4 Ba7 7. Nbd2 d6 8. Bb3 O-O 9. h3 d5 10. Qe2 Re8 11. O-O h6 12. Re1 Be6 13. Bc2 Bc5 14.
Nf1 d4 15. Bd2 b5 16. g4 dxc3 17. bxc3 b4 18. cxb4 Nxb4 19. Bb1 Nc6 20. Bc3 Nd4 21. Nxd4 Bxd4 22. Rc1 c5 23. Ne3 Bxc3 24. Rxc3 Qd4 25. Qc2 Rac8 26. a5 Nh7 27. Ra4 Qd6 28. Nc4 Bxc4 29. Raxc4 Ng5 30. Kg2 Ne6 31. Qa4 Nf4+ 32. Kh2 Qf6 33. Qd1 Qh4 34. Qf3 Ne6 35. Qg3 Qf6 36. Rb3 Nd4 37. Rb6 Re6 38. Rb7 Re7 39. Rb6 Re6 40. Rb7 Nf3+ 41. Kg2 Nd4 42. h4 g5 43. h5 Rd6 44. Qe3 Ne6 45. Rc3 Nf4+ 46. Kh2 Qe6 47. Rcb3 Qxg4 48. Rb8 Qg2# 0-1